Map: Romanticide LE

Players

SpeCial

  • Race: Terran Terran
  • League: Master

Serral - Winner!

  • Race: Zerg Zerg

Event: TSL 7

VOD

Have the link to the VOD?

Description

Time

  • Played on: June 20, 2021, 11:28 a.m.
  • Length: 12:20

All games in this series

Show
View Real Time Build Order
Export as new Build Order

SpeCial Terran 

Build Orders: 2 Factory, Reaper Expand 

Get SALT Encoding   

  12  0:00  SCV  
  13  0:12  SCV  
  14  0:17  Supply Depot  
  14  0:24  SCV  
  15  0:39  SCV  
  15  0:40  Barracks  
  16  0:44  Refinery  
  16  0:51  SCV  
  17  1:03  SCV  
  18  1:15  SCV  
  19  1:28  Reaper, Orbital Command  
  20  1:39  Command Center  
  20  1:52  Supply Depot  
  20  1:54  SCV  
  21  2:00  Marine  
  22  2:06  SCV  
  23  2:09  Factory  
  23  2:13  Refinery  
  23  2:18  SCV  
  24  2:23  Barracks Reactor  
  24  2:30  SCV  
  25  2:42  SCV  
  26  2:47  Command Center  
  26  2:54  Orbital Command  
  26  2:56  SCV  
  27  3:06  Factory  
  27  3:09  SCV  
  28  3:13  Hellion  
  28  3:17  Hellion  
  32  3:20  Marine  
  32  3:23  SCV  
  32  3:25  SCV  
  35  3:34  Supply Depot  
  35  3:36  Hellion  
  35  3:38  SCV, Hellion  
  40  3:42  SCV  
  40  3:45  Marine  
  42  3:52  Factory Tech Lab  
  42  3:54  SCV x2  
  44  3:59  Orbital Command  
  44  4:06  SCV x2  
  44  4:07  Hellion x2  
  50  4:12  Cyclone  
  50  4:14  Mag-Field Accelerator  
  50  4:16  Barracks Tech Lab  
  53  4:20  SCV x2  
  55  4:25  Orbital Command  
  55  4:32  SCV  
  55  4:33  Hellion x2  
  55  4:34  SCV  
  55  4:35  Marine  
  55  4:37  Stimpack, Supply Depot  
  62  4:44  SCV  
  62  4:45  Cyclone  
  66  4:46  SCV  
  66  4:52  SCV  
  68  4:56  SCV  
  68  4:59  SCV  
  70  5:01  Factory Reactor  
  70  5:04  SCV  
  71  5:08  SCV, Supply Depot  
  71  5:09  Barracks  
  71  5:10  Barracks  
  71  5:11  SCV  
  73  5:15  Engineering Bay  
  73  5:16  Engineering Bay, Marine  
  73  5:18  SCV  
  73  5:20  SCV  
  76  5:24  Cyclone  
  77  5:28  Refinery  
  77  5:29  Refinery, SCV  
  77  5:30  SCV  
  77  5:33  SCV, Supply Depot  
  80  5:41  SCV  
  81  5:44  SCV  
  81  5:45  SCV  
  81  5:46  Factory Reactor  
  81  5:48  Terran Infantry Weapons Level 1  
  81  5:49  Marine  
  84  5:53  SCV  
  84  5:56  SCV  
  86  5:57  Terran Infantry Armor Level 1  
  86  5:58  Starport  
  86  6:04  Barracks  
  86  6:05  Barracks  
  86  6:06  SCV x2  
  86  6:08  SCV  
  86  6:09  Supply Depot  
  89  6:18  Marine x4  
  93  6:25  Marine  
  93  6:26  SCV  
  93  6:27  Supply Depot x2  
  93  6:31  SCV x2, Supply Depot  
  92  6:34  Siege Tank  
  92  6:36  Marine x3  
  92  6:38  SCV  
  92  6:39  Marine  
  97  6:42  Factory Tech Lab  
  97  6:43  SCV x2, Marine  
  101  6:48  Medivac x2  
  101  6:50  SCV, Supply Depot x2  
  101  6:53  Barracks, Supply Depot  
  101  6:54  Barracks, Marine  
  106  6:55  Barracks Reactor, SCV  
  106  6:56  Barracks Reactor  
  106  7:00  Refinery  
  108  7:04  SCV, Barracks  
  108  7:05  SCV  
  108  7:07  SCV  
  111  7:11  Siege Tank  
  111  7:15  Supply Depot x2  
  114  7:17  Marine  
  114  7:18  Marine x4  
  119  7:23  Siege Tank  
  122  7:32  Medivac x2  
  122  7:35  Marine  
  127  7:37  Marine x3, Supply Depot  
  127  7:38  Refinery, Marine, Supply Depot  
  127  7:40  Marine  
  127  7:43  Siege Tank  
  127  7:44  Barracks Tech Lab x2  
  130  7:51  Marine x2  
  130  7:53  Barracks Tech Lab, Armory  
  130  7:58  Command Center  
  132  8:02  Siege Tank  
  132  8:04  Marauder, Marine  
  138  8:05  Marine  
  138  8:08  Marauder  
  138  8:09  Marine  
  138  8:10  Marine  
  143  8:15  SCV x2, Siege Tank  
  143  8:19  Marauder, Marine x2  
  152  8:21  Marine x2  
  152  8:22  Marine  
  155  8:27  Supply Depot  
  155  8:31  Medivac  
  157  8:34  Siege Tank  
  157  8:35  Medivac  
  157  8:36  Hellion  
  157  8:37  Marine x2  
  157  8:38  Marauder  
  166  8:43  Marauder, Marine x3  
  166  8:47  Siege Tank  
  174  8:50  Marine  
  174  8:51  Marauder, Marine  
  174  8:52  Terran Infantry Weapons Level 2  
  178  9:00  Marauder, Marine x4  
  178  9:01  Marine x3  
  187  9:03  Combat Shield  
  187  9:04  Concussive Shells  
  187  9:11  Siege Tank  
  179  9:17  Medivac  
  179  9:18  Marine x4  
  179  9:19  Marauder, Marine x2  
  189  9:27  Sensor Tower  
  188  9:33  Terran Infantry Armor Level 2  
  188  9:35  Marauder, Marine x3  
  193  9:39  Marauder, Marine x3  
  197  9:51  Terran Vehicle Weapons Level 1  
  197  9:55  Siege Tank  
  200  10:06  Marine, Planetary Fortress  
  200  10:11  Marauder, Marine  
  200  10:13  Marine  
  200  10:14  Marauder  
  185  10:17  Marine, Siege Tank  
  185  10:18  Marauder, Marine  
  185  10:19  Marauder  
  172  10:22  Marine x2  
  172  10:25  SCV  
  173  10:30  Liberator  
  173  10:33  Marauder  
  178  10:35  SCV  
  178  10:36  SCV  
  178  10:38  SCV  
  178  10:39  Marine x2  
  178  10:40  Marauder  
  178  10:42  Siege Tank  
  188  10:44  Marauder, Marine x3  
  191  10:53  Marine  
  191  10:54  Marauder  
  191  10:56  Marine  
  188  10:57  Marauder, Marine  
  177  11:12  Marauder, Marine x2  
  177  11:13  Liberator  
  177  11:15  Medivac  
  177  11:18  Marine  
  175  11:26  Marauder, Marine x2  
  166  11:43  Marine  
  166  11:44  Marauder, Marine  
  166  11:45  Marauder, Marine x2  
  169  11:47  Marauder, Marine  
  123  11:57  Marine  
  123  11:58  Marauder, Marine  
Show
View Real Time Build Order
Export as new Build Order

Serral Zerg - Winner!

Build Orders: Hatch First 

Get SALT Encoding   

  12  0:00  Drone  
  13  0:13  Overlord  
  13  0:17  Drone  
  14  0:31  Drone x2  
  16  0:49  Hatchery  
  15  0:51  Drone  
  15  0:55  Drone  
  17  0:57  Drone  
  18  1:08  Extractor  
  17  1:12  Spawning Pool  
  17  1:16  Drone  
  17  1:19  Drone  
  18  1:28  Drone  
  19  1:39  Drone  
  20  1:50  Drone  
  21  2:00  Queen x2  
  25  2:01  Zergling x4  
  27  2:11  Overlord  
  27  2:12  Drone  
  27  2:14  Metabolic Boost  
  28  2:29  Spore Crawler  
  27  2:36  Spore Crawler  
  27  2:37  Drone  
  27  2:39  Hatchery  
  27  2:40  Drone x2  
  30  2:45  Drone  
  30  2:49  Queen  
  33  2:55  Overlord  
  33  2:58  Drone  
  33  3:01  Drone  
  33  3:03  Drone  
  36  3:07  Pneumatized Carapace  
  36  3:14  Drone x3  
  36  3:16  Drone  
  36  3:19  Drone  
  41  3:23  Overlord  
  41  3:25  Drone  
  42  3:30  Queen  
  44  3:37  Overlord  
  45  3:41  Drone  
  45  3:43  Drone x4  
  49  3:49  Drone x2  
  49  3:53  Queen  
  53  3:58  Zergling x4  
  53  3:59  Overlord  
  53  4:00  Drone  
  56  4:09  Roach Warren  
  55  4:10  Zergling x2  
  55  4:11  Drone x3  
  55  4:15  Queen  
  61  4:23  Zergling x2  
  62  4:25  Overlord  
  62  4:26  Drone x3  
  62  4:27  Drone, Extractor  
  62  4:29  Drone  
  62  4:30  Drone  
  67  4:33  Overlord  
  67  4:35  Zergling x2  
  68  4:41  Drone x2  
  70  4:45  Overlord  
  70  4:50  Roach x4  
  70  4:52  Drone x3  
  81  4:54  Lair  
  81  4:59  Extractor x2  
  79  5:00  Drone, Overlord  
  79  5:01  Drone  
  79  5:02  Drone  
  82  5:10  Drone x2, Overlord  
  84  5:15  Roach x3  
  84  5:17  Queen  
  92  5:21  Overlord  
  92  5:24  Drone x5  
  92  5:25  Drone  
  96  5:30  Roach  
  96  5:31  Roach  
  96  5:34  Drone  
  101  5:37  Evolution Chamber  
  101  5:39  Extractor x2  
  101  5:42  Roach  
  100  5:43  Roach  
  100  5:47  Hatchery  
  100  5:48  Drone x3  
  100  5:49  Drone x2  
  106  5:51  Roach x2  
  106  5:55  Glial Reconstitution  
  110  6:01  Drone x2  
  112  6:05  Baneling Nest  
  112  6:06  Infestation Pit  
  110  6:11  Zergling x8  
  115  6:19  Overlord  
  115  6:20  Overlord  
  115  6:21  Hatchery  
  110  6:32  Zergling x6, Roach  
  112  6:33  Zergling x2, Roach  
  112  6:37  Drone  
  113  6:40  Overlord x2  
  113  6:46  Zerg Ground Armor Level 1  
  113  6:47  Evolution Chamber, Overlord  
  113  6:49  Drone x3  
  113  6:52  Centrifical Hooks  
  113  6:53  Hive  
  113  6:54  Drone  
  116  6:56  Drone, Ravager x3  
  116  6:58  Overseer  
  120  7:02  Overlord  
  120  7:03  Drone  
  120  7:07  Drone  
  120  7:08  Drone x4  
  128  7:10  Drone  
  128  7:11  Zergling x2  
  128  7:12  Zergling x4  
  128  7:13  Zerg Melee Weapons Level 1  
  128  7:14  Zergling x2  
  131  7:19  Zergling x4  
  133  7:26  Drone  
  134  7:31  Overlord  
  134  7:34  Queen  
  134  7:35  Extractor, Overseer  
  134  7:36  Overlord  
  135  7:37  Drone x3, Hatchery  
  135  7:38  Drone x7  
  144  7:48  Zergling x8  
  145  7:59  Zergling x6, Roach  
  145  8:03  Zergling x4  
  145  8:04  Zergling x6  
  154  8:08  Ultralisk Cavern, Adrenal Glands  
  154  8:10  Viper x3  
  162  8:13  Overlord x6  
  162  8:23  Overlord  
  162  8:30  Baneling x6  
  162  8:31  Baneling x4  
  162  8:36  Zergling x8  
  162  8:37  Zergling x12  
  172  8:41  Zerg Ground Armor Level 2  
  172  8:43  Zergling x2  
  172  8:44  Zergling x10  
  178  8:56  Chitinous Plating  
  178  8:57  Queen  
  180  9:06  Ultralisk x2  
  180  9:07  Ultralisk  
  198  9:11  Baneling x5  
  198  9:12  Baneling  
  194  9:18  Hatchery  
  194  9:21  Burrow  
  193  9:24  Extractor  
  193  9:26  Drone x3  
  193  9:29  Spore Crawler  
  194  9:31  Ultralisk  
  198  9:39  Zergling x2  
  196  10:01  Zerg Melee Weapons Level 2  
  194  10:09  Hatchery  
  194  10:12  Zergling x2  
  194  10:13  Zergling x34  
  199  10:14  Anabolic Synthesis  
  199  10:18  Zergling x2  
  199  10:19  Zergling x8  
  191  10:29  Zergling x2  
  191  10:34  Baneling  
  191  10:35  Baneling x11  
  186  10:37  Zergling x24  
  186  10:38  Zergling x4  
  186  10:41  Baneling x7  
  186  10:42  Baneling x9  
  196  10:55  Zergling x36  
  198  10:59  Baneling x9  
  181  11:12  Zergling x32  
  194  11:20  Ravager x5  
  194  11:21  Ravager  
  199  11:37  Zergling x8  
  199  11:38  Zergling x2  
  192  11:53  Zergling x46  
  192  11:54  Zergling x2  
  186  11:56  Zergling x2  
  176  12:03  Drone x3  
Tags
 
Add a new tag
Caveats
  • Supply blocks, unpowered buildings, or Contaminate may cause inaccurate times.
  • Supply counts are checked every 10 seconds.